 Dungeon Crawl Stone Soup version 0.31.0-12-g77e489cdc1 (webtiles) character file.

Game seed: 11332540352845165214

423 Kelnin the Ruffian (level 6, -7/75 HPs)
             Began as a Draconian Shapeshifter on Feb 22, 2024.
             Mangled by an iguana (11 damage)
             ... on level 5 of the Dungeon.
             The game lasted 00:09:45 (3909 turns).

Kelnin the Ruffian (Draconian Shapeshifter)         Turns: 3909, Time: 00:09:46

Health: -7/75      AC:  6    Str: 24    XL:     6   Next: 63%
Magic:  6/6        EV: 12    Int: 10    God:
Gold:   172        SH:  0    Dex: 11    Spells: 5/5 levels left

rFire   . .          .
                       - Unarmed
rCold   . . .        (no shield)
rNeg    . . .        (body armour unavailable)
rPois   .            (helmet currently unavailable)
rElec   .            (cloak currently unavailable)
rCorr   .            (gloves currently unavailable)
SInv    .            (boots currently unavailable)
Will    +....        z - amulet of the acrobat Stlth
                     n - +6 ring of strength
HPRegen 0.32/turn    (no ring)
MPRegen 0.10/turn

%: acrobat
@: berserking, beast-form, attractive, enlightened, flying, hasted, very quick
A: beast (slay +2), AC +6, unfitting armour, cold-blooded, stinger 2, inability
to read after injury 1
a: Begin Untransformation


You were on level 5 of the Dungeon.
You were a hulking beast.
You visited 1 branch of the dungeon, and saw 5 of its levels.

You collected 172 gold pieces.

Inventory:

Missiles
 u - a throwing net (quivered)
Jewellery
 n - a +6 ring of strength (left hand)
 r - an amulet of reflection
 x - an amulet of magic regeneration
 z - an amulet of the acrobat (around neck)
Talismans
 b - a beast talisman (active)
 c - a flux talisman
Scrolls
 e - a scroll of silence {unknown}
 i - 3 scrolls of identify {unknown}
 j - a scroll of butterflies {unknown}
 l - 2 scrolls of blinking {unknown}
 m - a scroll of brand weapon {unknown}
 s - a scroll of fear {unknown}
 y - a scroll of fog {unknown}
 A - a scroll of teleportation {unknown}
Potions
 a - a potion of lignification
 f - a potion of enlightenment
 g - 2 potions of curing
 h - 3 potions of brilliance {unknown}
 k - 3 potions of attraction
 o - 2 potions of haste
 p - a potion of might {unknown}
 q - a potion of degeneration {unknown}
 t - a potion of berserk rage
 v - a potion of ambrosia {unknown}
 w - a potion of cancellation {unknown}


   Skills:
 * Level 2.8 Fighting
 + Level 3.1 Dodging
 + Level 0.8 Stealth
 + Level 0.5 Shields
 + Level 5.4 Unarmed Combat
 * Level 4.1 Shapeshifting


You had 5 spell levels left.
You didn't know any spells.
Your spell library contained the following spells:

 Spells                   Type           Power      Damage    Failure   Level
 Hailstorm                Conj/Ice       0%         3d5       75%         3
 Summon Ice Beast         Ice/Summ       0%         N/A       75%         3
 Vhi's Electric Charge    Tloc/Air       0%         N/A       98%         4
 Arcjolt                  Conj/Air       0%         1d10      100%        5
 Sculpt Simulacrum        Ice/Alch       0%         N/A       100%        6
 Maxwell's Capacitive Co  Air            0%         ∞         100%        8


Dungeon Overview and Level Annotations

Branches:
Dungeon (5/15)             Temple (0/1) D:4

Altars:
The Shining One


Innate Abilities, Weirdness & Mutations

You are a hulking beast.
Your limbs bulge with bestial killing power. (Slay +2)
Your plain brown scales are hard. (AC +6)
You cannot fit into any form of body armour.
You are cold-blooded and may be slowed by cold attacks.
Your tail ends in a sharp venomous barb.
You occasionally lose the ability to read scrolls when taking damage.


Message History

The jelly misses you.
The orc wizard hits you but does no damage.
You punch the orc!
You kill the orc!
Blork the orc hits you with a +6 mace of protection!
You closely miss Blork the orc.
Blork the orc is heavily wounded.
The jelly hits you but does no damage.
The orc wizard hits you with a +0 dagger.
You punch Blork the orc! You tail-slap Blork the orc.
Blork the orc is poisoned.
Blork the orc is almost dead.
You kill Blork the orc!
The jelly barely misses you.
Your Dodging skill increases to level 3!
You closely miss the orc. The orc wizard closely misses you.
You pummel the orc!!
You kill the orc!
The jelly closely misses you.
The orc wizard hits you with a +0 dagger.
The orc priest mumbles some strange prayers to Beogh against you.
Beogh smites you!
* * * LOW HITPOINT WARNING * * *
You punch the ribbon worm! You tail-slap the ribbon worm!
You kill the ribbon worm!
You punch the orc wizard!
The orc wizard is almost dead.
The jelly completely misses you. The orc wizard misses you.
The iguana closely misses you.
You miss the orc wizard.
The orc wizard is almost dead.
You hit the orc wizard.
You kill the orc wizard!
The jelly misses you. The iguana bites you!
* * * LOW HITPOINT WARNING * * *
You closely miss the iguana. The jelly hits you but does no damage.
You punch the iguana!
The iguana is severely wounded.
The iguana closely misses you. The iguana bites you!
You die...

.....
#.....##.##...#
.....##.##...#
........#o.##
##........#
#.....o..##
##....####
#.o.###


#Jll# #)h## #### You could see 2 iguanas, a jelly and an orc priest.

Vanquished Creatures
  A phantom (D:4)
  Blork the orc (D:5)
  A hound (D:4)
  A jelly (D:4)
  An iguana (D:4)
  An orc wizard (D:5)
  Robin (D:3)
  7 adders
  3 dart slugs
  3 ribbon worms
  3 orcs (D:5)
  6 bats
  2 endoplasms (D:4)
  5 giant cockroaches
  13 goblins
  8 hobgoblins
  6 jackals
  5 kobolds
  2 quokkas
  6 ball pythons
  2 frilled lizards
  5 rats
83 creatures vanquished.

Notes
Turn   | Place    | Note
-------+----------+-------------------------------------------
     0 | D:1      | Kelnin the Draconian Shapeshifter began the quest for the
                  | Orb.
     0 | D:1      | Reached XP level 1. HP: 16/16 MP: 1/1
   107 | D:1      | Reached XP level 2. HP: 17/23 MP: 2/2
   371 | D:1      | Found a faded altar of an unknown god.
   512 | D:1      | You fall into a shaft and drop 1 floor!
   988 | D:1      | You fall into a shaft and drop 1 floor!
   988 | D:2      | Identified the -1 helmet of the Orcish Mines {rElec Str+2}
  1044 | D:2      | Reached XP level 3. HP: 28/28 MP: 3/3
  1578 | D:2      | Reached skill level 4 in Unarmed Combat
  1578 | D:2      | Reached XP level 4. HP: 33/35 MP: 4/4
  1843 | D:3      | Noticed Robin
  1885 | D:3      | Killed Robin
  2362 | D:3      | Found a faded altar of an unknown god.
  2367 | D:3      | Found a glowing golden altar of the Shining One.
  3040 | D:4      | Reached XP level 5. HP: 41/41 MP: 5/5
  3071 | D:4      | Found a staircase to the Ecumenical Temple.
  3439 | D:4      | Noticed a phantom
  3449 | D:4      | Killed a phantom
  3450 | D:4      | Reached skill level 5 in Unarmed Combat
  3450 | D:4      | Reached XP level 6. HP: 37/49 MP: 6/6
  3791 | D:5      | Entered Level 5 of the Dungeon
  3856 | D:5      | Noticed Blork the orc
  3893 | D:5      | Gained mutation: Your tail ends in a venomous barb. [potion
                  | of mutation]
  3893 | D:5      | Gained mutation: You occasionally lose the ability to read
                  | scrolls when taking damage. [potion of mutation]
  3893 | D:5      | Gained mutation: Your tail ends in a sharp venomous barb.
                  | [potion of mutation]
  3901 | D:5      | Killed Blork the orc
  3909 | D:5      | Mangled by an iguana

Illustrated notes

Levels and vault maps discovered:
D:1:      minmay_arrival_split_and_join, layout_basic,
          ebering_ecumenical_altar_rust, minmay_split_cup_large
D:2:      minmay_diamond_boxcup, layout_rooms, serial_corexii_hall,
          chequers_hall_statues_y, corexii_hall_statues_s, nicolae_half_adder
D:3:      layout_basic, nicolae_overflow_ecumenical_swirl, uniq_robin
D:4:      layout_cave_pods, minmay_temple_entry_slanted
D:5:      layout_cave_pools, uniq_blork_the_orc, uniq_sigmund

Skill      XL: |  1  2  3  4  5  6 |
---------------+-------------------+-----
Dodging        | 2 3 |  3.1
Unarmed Combat | 4 5 |  5.4
Fighting       | 2 |  2.8
Shapeshifting  | 4 |  4.1
Stealth        | |  0.8
Shields        | |  0.5

Action                     |  1- 3 |  4- 6 || total
---------------------------+-------+-------++-------
  Melee: Unarmed           |    94 |   117 ||   211
         Tailslap          |     7 |    18 ||    25
         Punch             |     3 |     3 ||     6
    Use: Potion            |       |     9 ||     9
 Armour: Skin              |    50 |    96 ||   146
  Dodge: Dodged            |    65 |   104 ||   169
  Block: Other             |       |     8 ||     8
   Form: Beast             |     1 |       ||     1
